 Dungeon Crawl Stone Soup version 0.21.1-1-g345015f (webtiles) character file.

21 Mgcat the Vexing (level 2, 0/23 HPs)
             Began as a Gnoll Arcane Marksman on Feb 7, 2018.
             Was an Initiate of Ashenzari.
             Slain by an iguana (9 damage)
             ... on level 2 of the Dungeon.
             The game lasted 00:03:38 (973 turns).

Mgcat the Vexing (Gnoll Arcane Marksman)             Turns: 973, Time: 00:03:38

Health: 0/23       AC:  4    Str: 12    XL:     2   Next: 83%
Magic:  2/5        EV: 14    Int: 15    God:    Ashenzari [......]
Gold:   58         SH:  0    Dex: 15    Spells: 3/6 levels left

rFire    . . .     SeeInvis .   a - -2 club (curse)
rCold    . . .     Gourm    .   (no shield)
rNeg     . . .     Faith    .   j - +1 leather armour
rPois    .         Spirit   .   (no helmet)
rElec    .         Reflect  .   (no cloak)
rCorr    .         Harm     .   (no gloves)
MR       .....                  (no boots)
Stlth    +.........             (no amulet)
HPRegen  0.07/turn              (no ring)
MPRegen  0.09/turn              (no ring)

@: no status effects
A: distributed training, fangs 1, strong nose
a: Curse Item, Renounce Religion


You were on level 2 of the Dungeon.
You worshipped Ashenzari.
Ashenzari was noncommittal.
You were not hungry.

You visited 1 branch of the dungeon, and saw 2 of its levels.

You collected 58 gold pieces.

Inventory:

Hand Weapons
 a - a cursed -2 club (weapon)
   (You took it off a goblin on level 1 of the Dungeon)
 b - a +3 hunting sling
 l - a +0 dagger
   (You took it off a goblin on level 1 of the Dungeon)
Missiles
 d - 45 sling bullets
 g - 2 curare-tipped needles
 i - 44 stones (quivered)
Armour
 e - a +0 robe
 j - a +1 leather armour (worn)
   (You found it on level 1 of the Dungeon)
Potions
 m - a potion of haste {unknown}
Books
 c - a book of Debilitation
Comestibles
 f - a ration


   Skills:
 + Level 2.5 Fighting
 + Level 0.5 Short Blades
 + Level 0.5 Long Blades
 + Level 0.5 Axes
 + Level 0.5 Maces & Flails
 + Level 0.5 Polearms
 + Level 0.5 Staves
 + Level 4.5 Slings
 + Level 0.5 Bows
 + Level 0.5 Crossbows
 + Level 0.5 Throwing
 + Level 0.5 Armour
 + Level 4.5 Dodging
 + Level 0.5 Stealth
 + Level 0.5 Shields
 + Level 0.5 Unarmed Combat
 + Level 2.7 Spellcasting
 + Level 0.3 Conjurations
 + Level 5.3 Hexes
 + Level 0.3 Charms
 + Level 0.3 Summonings
 + Level 0.3 Necromancy
 + Level 0.3 Translocations
 + Level 0.3 Transmutations
 + Level 0.3 Fire Magic
 + Level 0.3 Ice Magic
 + Level 0.3 Air Magic
 + Level 0.3 Earth Magic
 + Level 0.3 Poison Magic
 + Level 0.6 Invocations
 + Level 0.5 Evocations


You had 3 spell levels left.
You knew the following spells:

 Your Spells              Type           Power        Failure   Level  Hunger
a - Corona                Hex            ###....      2%          1    #......
b - Slow                  Hex            ###.....     4%          2    ##.....


Dungeon Overview and Level Annotations

Branches:
Dungeon (2/15)

Altars:
Ashenzari
Dithmenos


Innate Abilities, Weirdness & Mutations

Your experience applies equally to all skills.
You have very sharp teeth.
Your uncanny sense of smell can sniff out nearby items.


Message History

As you read the scroll of enchant weapon, it crumbles to dust.
Your +1 hunting sling glows red for a moment.
Okay, then.
Okay, then.
You now have 37 gold pieces (gained 6).
HP restored.
There is a dry fountain here.
You now have 47 gold pieces (gained 10).
d - 45 sling bullets (gained 27)
You see here a +0 falchion.
h - a scroll labeled NUOJUJ KOESAS A hobgoblin comes into view.
It is wielding a club.
You hit the hobgoblin but do no damage. The hobgoblin closely misses you.
You closely miss the hobgoblin. The hobgoblin misses you.
You barely miss the hobgoblin.
The hobgoblin hits you but does no damage.
The hobgoblin hits you with a club.
Casting: Corona
Confirm with . or Enter, or press ? or * to list all spells.
Aiming: Corona
Press: ? - help, Shift-Dir - straight line, f - hobgoblin
Aim: a hobgoblin, wielding a club (chance to defeat MR: 73%)
The hobgoblin is outlined in light.
The hobgoblin barely misses you.
You barely miss the hobgoblin. Your bite misses the hobgoblin.
The hobgoblin completely misses you.
You hit the hobgoblin. You bite the hobgoblin.
The hobgoblin is severely wounded.
The hobgoblin closely misses you.
You completely miss the hobgoblin.
The hobgoblin is severely wounded.
The hobgoblin hits you with a club.
You hit the hobgoblin.
You kill the hobgoblin!
You see here a +0 club.
Magic restored.
Found a shadowy altar of Dithmenos.
k - a scroll of enchant weapon
There are no items here.
There is a shadowy altar of Dithmenos here.
i - 44 stones (gained 9)
n - a scroll labeled ZOIQ JORIUQUMP
As you read the scroll labeled NUOJUJ KOESAS, it crumbles to dust.
It is a scroll of enchant armour.
Your +0 leather armour glows green for a moment.
What are your orders? t - Bark!
Orders for allies: a - Attack new target. r - Retreat! s - Stop attacking. g - Guard the area. f - Follow me.
Anything else - Cancel.
Retreat in which direction?
Press: ? - help, Dir - move target cursor, f - you
Okay, then.
Unknown command.
As you read the scroll labeled ZOIQ JORIUQUMP, it crumbles to dust.
The air around you briefly surges with heat, but it dissipates.
It was a scroll of immolation.
As you read the scroll of enchant weapon, it crumbles to dust.
Your +2 hunting sling glows red for a moment.
Found a stone staircase leading down.
You open the door.
There is an open door here.
You now have 58 gold pieces (gained 11).
Found a stone staircase leading down.
You open the door.
There is an open door here.
An iguana comes into view.
The helpless iguana fails to defend itself.
You hit the iguana. You bite the iguana, but do no damage.
The iguana is lightly wounded.
The iguana bites you!
You closely miss the iguana.
The iguana is lightly wounded.
The iguana misses you. The iguana completely misses you.
You barely miss the iguana.
The iguana is lightly wounded.
The iguana closely misses you.
Casting: Corona
Confirm with . or Enter, or press ? or * to list all spells.
Aiming: Corona
Press: ? - help, Shift-Dir - straight line, f - iguana
Aim: an iguana (lightly wounded, chance to defeat MR: 65%)
The iguana is outlined in light.
The iguana bites you but does no damage.
Casting: Corona
Confirm with . or Enter, or press ? or * to list all spells.
Aiming: Slow
Press: ? - help, Shift-Dir - straight line, f/p - iguana
Aim: an iguana (lightly wounded, softly glowing, chance to defeat MR: 65%)
The iguana struggles to resist.
The iguana bites you.
You hit the iguana but do no damage.
The iguana is lightly wounded.
The iguana closely misses you.
You hit the iguana. Your bite misses the iguana.
The iguana is moderately wounded.
The iguana bites you.
You hit the iguana but do no damage.
The iguana is moderately wounded.
The iguana bites you!
You die...

######..'.....# #.###
## # ####.....# #...#
#.....# ###.# #.....#
#.# ∆ #.....# #.#
#.....######.########
∆
.....................
#######....####.####
#@##.# #l##.# #..#..
.#.#... . .#.... ..
.#..... ### ..
.#####.. ..# ... ..
..##


You could see an iguana.

Vanquished Creatures
  An ooze (D:1)
  A ball python (D:1)
  A giant cockroach (D:1)
  3 goblins (D:1)
  A hobgoblin (D:2)
  2 bats (D:1)
  4 frilled lizards
  4 rats
17 creatures vanquished.

Notes
Turn   | Place    | Note
-------+----------+-------------------------------------------
     0 | D:1      | Mgcat the Gnoll Arcane Marksman began the quest for the Orb.
     0 | D:1      | Reached XP level 1. HP: 17/17 MP: 4/4
   221 | D:1      | Reached XP level 2. HP: 13/23 MP: 3/5
   359 | D:1      | Learned a level 2 spell: Slow
   819 | D:2      | Found a shattered altar of Ashenzari.
   826 | D:2      | Became a worshipper of Ashenzari the Shackled
   891 | D:2      | Found a shadowy altar of Dithmenos.
   973 | D:2      | Slain by an iguana

Action                   || total
-------------------------++-------
Melee: Club              ||    56
       Bite              ||     7
 Fire: Hunting sling     ||    12
 Cast: Corona            ||     7
       Slow              ||     1
  Use: Scroll            ||     6
 Stab: Sleeping          ||     1
Armor: Leather armour    ||    14
Dodge: Dodged            ||    49

Vault maps used:
D:1:      dpeg_arrival_yet_another_circle
D:2:      grunt_dithmenos_smoke, evilmike_ruin_ashenzari

Table legend:
 A = Turns spent in this place as a percentage of turns spent in the entire game.
 B = Non-inter-level travel turns spent in this place as a percentage of non-inter-level travel turns spent in the entire game.
 C = Inter-level travel turns spent in this place as a percentage of turns spent in this place.
 D = Turns resting spent in this place as a percentage of non-inter-level travel turns spent in this place.
 E = Turns spent auto-exploring this place as a percentage of non-inter-level travel turns spent in this place.
 F = Non-inter-level travel turns spent in this place divided by the number of levels of this place that you've seen.
                   A       B       C       D       E      F
               +-------+-------+-------+-------+-------+----------------------
         Total | 100.0 | 100.0 |   2.2 |   0.0 |  82.7 | 476.0
       Dungeon | 100.0 | 100.0 |   2.2 |   0.0 |  82.7 | 476.0
               +-------+-------+-------+-------+-------+----------------------

Table legend:
 A = Kills in this place as a percentage of kills in entire the game.
 B = Kills by you in this place as a percentage of kills by you in the entire game.
 C = Kills by friends in this place as a percentage of kills by friends in the entire game.
 D = Other kills in this place as a percentage of other kills in the entire game.
 E = Experience gained in this place as a percentage of experience gained in the entire game.
 F = Experience gained in this place divided by the number of levels of this place that you have seen.
                   A       B       C       D       E      F
               +-------+-------+-------+-------+-------+----------------------
         Total | 100.0 | 100.0 |   N/A |   N/A | 100.0 |  15.0
       Dungeon | 100.0 | 100.0 |   N/A |   N/A | 100.0 |  15.0
               +-------+-------+-------+-------+-------+----------------------
